[Event "ICC tourney 2260 (3 2)"]
[Site "Internet Chess Club"]
[Date "2020.12.31"]
[Round "5"]
[White "uzkuzk"]
[Black "falcongw"]
[Result "1-0"]
[ICCResult "Black resigns"]
[WhiteElo "1809"]
[BlackElo "1256"]
[Opening "King's gambit"]
[ECO "C30"]
[NIC "KG.05"]
[Time "13:00:21"]
[PlyCount "73"]
[TimeControl "180+2"]

1. e4 e5 2. f4 d6 3. Nf3 Nc6 4. Bc4 Bg4 5. O-O Nf6 6. Nc3 Be7 7. d3 Nd4 8.
fxe5 dxe5 9. Be3 Nxf3+ 10. gxf3 Bh3 11. Qd2 Bxf1 12. Rxf1 O-O 13. Kh1 a6
14. Rg1 Re8 15. Qg2 g6 16. Ne2 b5 17. Bb3 a5 18. a3 a4 19. Ba2 b4 20. axb4
a3 21. bxa3 Rxa3 22. Bb3 Bxb4 23. Ng3 Rxb3 24. cxb3 Qxd3 25. Nf5 Bf8 26.
Qh3 Qxb3 27. Bg5 Nh5 28. Qxh5 gxh5 29. Bf6+ Bg7 30. Rxg7+ Kf8 31. Kg2 Qc2+
32. Kg3 h4+ 33. Kg4 Qg2+ 34. Kh5 Qxf3+ 35. Kh6 Qf4+ 36. Kxh7 Qh6+ 37. Nxh6
{ Black resigns } 1-0

[Event "ICC tourney 2260 (3 2)"]
[Site "Internet Chess Club"]
[Date "2020.12.31"]
[Round "5"]
[White "A4-H5"]
[Black "Tombstone"]
[Result "1/2-1/2"]
[ICCResult "Game drawn by repetition"]
[WhiteElo "1999"]
[BlackElo "1990"]
[Opening "Amar (Paris) opening"]
[ECO "A00"]
[NIC "VO.16"]
[Time "12:59:57"]
[PlyCount "79"]
[TimeControl "180+2"]

1. Nh3 d5 2. d4 Nf6 3. Nc3 Bf5 4. Bf4 c6 5. e3 e6 6. Bd3 Bg6 7. Bg5 Bd6 8.
Nf4 Bxf4 9. Bxf4 Ne4 10. Nxe4 dxe4 11. Be2 Nd7 12. h4 h5 13. c4 Nf6 14. Bg5
Qe7 15. Qb3 O-O-O 16. a4 Qc7 17. a5 e5 18. dxe5 Qxe5 19. a6 b6 20. Bf4 Qc5
21. O-O Bf5 22. f3 exf3 23. Bxf3 Be4 24. Bg5 Rd3 25. Qa2 Bxf3 26. Rxf3 Ng4
27. Re1 f6 28. Bf4 g5 29. Qb1 Rhd8 30. b4 Qe7 31. Bg3 Qd7 32. b5 c5 33.
hxg5 fxg5 34. Bf2 Rd1 35. Qe4 Qc7 36. Qa8+ Qb8 37. Qc6+ Qc7 38. Qa8+ Qb8
39. Qc6+ Qc7 40. Qa8+ { Game drawn by repetition } 1/2-1/2

[Event "ICC tourney 2260 (3 2)"]
[Site "Internet Chess Club"]
[Date "2020.12.31"]
[Round "5"]
[White "tigerche207"]
[Black "yogokings12"]
[Result "1/2-1/2"]
[ICCResult "Game drawn by mutual agreement"]
[WhiteElo "1934"]
[BlackElo "1575"]
[Opening "Sicilian: dragon, Yugoslav attack, Rauser variation"]
[ECO "B76"]
[NIC "SI.17"]
[Time "13:00:05"]
[PlyCount "132"]
[TimeControl "180+2"]

1. e4 c5 2. Nf3 d6 3. d4 cxd4 4. Nxd4 Nf6 5. Nc3 g6 6. f3 Bg7 7. Be3 O-O 8.
Qd2 Nc6 9. O-O-O d5 10. exd5 Nxd5 11. Nxd5 Qxd5 12. Kb1 Nxd4 13. Bxd4 e5
14. Bc3 Qxd2 15. Rxd2 Be6 16. Be2 Rfd8 17. Rhd1 Rxd2 18. Rxd2 a5 19. Bb5 f5
20. Rd6 Kf7 21. Rb6 Bd5 22. Rd6 Be6 23. Bd7 Ke7 24. Rxe6+ Kxd7 25. Rb6 Ra7
26. Rb5 Kd6 27. Kc1 a4 28. Bb4+ Kc6 29. Rc5+ Kb6 30. Rd5 Kc6 31. Rc5+ Kb6
32. Rc4 Ra8 33. Rh4 h5 34. Kd2 Rd8+ 35. Ke2 Bf6 36. Rh3 Kb5 37. Bc3 Kc4 38.
g4 hxg4 39. fxg4 a3 40. gxf5 axb2 41. Bxb2 gxf5 42. Rh6 Rd6 43. Rh3 e4 44.
Bxf6 Rxf6 45. Rb3 b6 46. Ke3 Rh6 47. Kf4 Rxh2 48. Kxf5 Rxc2 49. Kxe4 b5 50.
Ra3 Kb4 51. Ra8 Kc3 52. Kd5 b4 53. Kc5 Rb2 54. Ra4 Rb1 55. Kb5 Rb2 56. Kc5
Rh2 57. Kb5 Rh5+ 58. Kc6 Rg5 59. Kb6 Rh5 60. Kc6 Rh4 61. Kb5 Rh5+ 62. Kc6
Kc4 63. a3 Rh6+ 64. Kc7 Kb3 65. Rxb4+ Kxa3 66. Rg4 Kb3 { Game drawn by
mutual agreement } 1/2-1/2

[Event "ICC tourney 2260 (3 2)"]
[Site "Internet Chess Club"]
[Date "2020.12.31"]
[Round "5"]
[White "Supersamraat"]
[Black "atippa"]
[Result "0-1"]
[ICCResult "White checkmated"]
[WhiteElo "1548"]
[BlackElo "1732"]
[Opening "Queen's pawn, Mason variation"]
[ECO "D00"]
[NIC "QP.08"]
[Time "13:00:00"]
[PlyCount "70"]
[TimeControl "180+2"]

1. d4 d5 2. Bf4 e6 3. e3 Bd6 4. Bg3 Nf6 5. Nf3 b6 6. c3 Bb7 7. Nbd2 c5 8.
Bd3 O-O 9. O-O Nc6 10. Ne5 Qe7 11. Ndf3 Rac8 12. Nxc6 Bxc6 13. Ne5 Bxe5 14.
dxe5 Ne4 15. f3 Nxg3 16. hxg3 Qg5 17. Kf2 Qxe5 18. f4 Qf6 19. Rh1 h6 20. g4
d4 21. g5 dxe3+ 22. Kxe3 Qe7 23. gxh6 g6 24. Qg4 c4 25. Bxg6 fxg6 26. Qxg6+
Kh8 27. h7 Qg7 28. Qxe6 Rce8 29. f5 Rxe6+ 30. fxe6 Bd5 31. Rae1 Bxe6 32.
Kd2 Bf5 33. Rh2 Rd8+ 34. Kc1 Qg5+ 35. Re3 Qxe3# { White checkmated } 0-1

[Event "ICC tourney 2260 (3 2)"]
[Site "Internet Chess Club"]
[Date "2020.12.31"]
[Round "5"]
[White "JensenUVA"]
[Black "chessrex"]
[Result "0-1"]
[ICCResult "White resigns"]
[WhiteElo "1516"]
[BlackElo "1958"]
[Opening "Queen's pawn: Charlick (Englund) gambit"]
[ECO "A40"]
[NIC "QO.17"]
[Time "12:59:57"]
[PlyCount "108"]
[TimeControl "180+2"]

1. d4 e5 2. dxe5 Nc6 3. Nf3 Nge7 4. Nc3 Ng6 5. e4 Ncxe5 6. Nxe5 Nxe5 7. f4
Nc6 8. Bc4 Be7 9. O-O O-O 10. Nd5 d6 11. Nxe7+ Qxe7 12. Re1 Be6 13. Bd3 f6
14. f5 Bf7 15. Qg4 Ne5 16. Qg3 c5 17. Bh6 Be8 18. Re3 Kh8 19. Bf4 g5 20.
fxg6 hxg6 21. Qh4+ Kg7 22. Bh6+ Kg8 23. Bxf8 Qxf8 24. Rh3 Qg7 25. Rf1 Bd7
26. Re3 Rf8 27. Qe1 Be6 28. a3 g5 29. Qe2 Ng4 30. Ref3 Qh6 31. h3 Ne5 32.
R3f2 c4 33. Bxc4 Bxc4 34. Qe1 Bxf1 35. Qxf1 g4 36. Rf4 gxh3 37. gxh3 Kf7
38. Kh2 Rh8 39. c4 Qg5 40. Rf5 Qg6 41. c5 Ng4+ 42. Kh1 Ne3 43. Qf3 Nxf5 44.
exf5 Qg5 45. cxd6 Qc1+ 46. Kh2 Qxb2+ 47. Kg3 Qe5+ 48. Kf2 Qxd6 49. Qb3+ Kg7
50. Qxb7+ Kh6 51. Qf3 Rd8 52. Qe3+ Kg7 53. Qf3 Qd2+ 54. Kg3 Rd3 { White
resigns } 0-1

[Event "ICC tourney 2260 (3 2)"]
[Site "Internet Chess Club"]
[Date "2020.12.31"]
[Round "5"]
[White "ranu540"]
[Black "chessmonkey05"]
[Result "0-1"]
[ICCResult "White forfeits on time"]
[WhiteElo "1296"]
[BlackElo "1617"]
[Opening "Pirc: classical (two knights) system"]
[ECO "B08"]
[NIC "PU.10"]
[Time "12:59:50"]
[PlyCount "68"]
[TimeControl "180+2"]

1. e4 d6 2. d4 Nf6 3. Nc3 g6 4. Nf3 Bg7 5. Bd3 O-O 6. O-O Re8 7. Bg5 c6 8.
Qd2 e5 9. dxe5 dxe5 10. Bh6 Bg4 11. Bxg7 Kxg7 12. Qe3 Nbd7 13. Rad1 Qc7 14.
h3 Be6 15. Ng5 a6 16. Nxe6+ Rxe6 17. Bc4 Ree8 18. Rd3 Nf8 19. Rfd1 Ne6 20.
Bxe6 Rxe6 21. Qc5 b6 22. Qb4 a5 23. Qa3 b5 24. Qc5 b4 25. Nb5 Qb7 26. Nd6
Qc7 27. Nb5 Qb7 28. Nd6 Qe7 29. Qxc6 Rf8 30. Qb6 Ra8 31. Qb7 Qxb7 32. Nxb7
Nxe4 33. Rd7 Nf6 34. Rc7 Ra7 { White forfeits on time } 0-1

[Event "ICC tourney 2260 (3 2)"]
[Site "Internet Chess Club"]
[Date "2020.12.31"]
[Round "5"]
[White "VirginiaGuy"]
[Black "tavit2"]
[Result "1-0"]
[ICCResult "Black checkmated"]
[WhiteElo "1371"]
[BlackElo "629"]
[Opening "Queen's pawn game, Krause variation"]
[ECO "D02"]
[NIC "QP.08"]
[Time "12:59:55"]
[PlyCount "125"]
[TimeControl "180+2"]

1. d4 d5 2. Nf3 c5 3. e3 Nc6 4. b3 Nf6 5. Bb2 e6 6. Nbd2 Bd6 7. a3 O-O 8.
Bd3 Ne7 9. O-O Ng6 10. Ne5 Nxe5 11. dxe5 c4 12. bxc4 dxc4 13. Bxc4 b5 14.
Bxb5 Bxe5 15. Bxe5 Qd5 16. Bxf6 gxf6 17. Bd3 Bb7 18. Be4 Qd7 19. Bxb7 Qxb7
20. Rb1 Qd7 21. Nf3 Qe7 22. Ra1 e5 23. Qd5 e4 24. Nd4 Rad8 25. Qf5 Rc8 26.
Rfc1 Kh8 27. c4 Rg8 28. Qb5 Rc5 29. Qb4 Qc7 30. Rab1 Rcg5 31. g3 h5 32. Qb7
Qxb7 33. Rxb7 R5g7 34. Nf5 Rg5 35. Nh4 R8g7 36. c5 Rd5 37. c6 Rd8 38. c7
Rc8 39. Rb8 Rgg8 40. Rxc8 Rxc8 41. Nf5 Rxc7 42. Rxc7 Kh7 43. Rxf7+ Kg6 44.
Nd6 Kg5 45. Rxa7 Kg4 46. Rg7+ Kf3 47. Rf7 Kg4 48. Rxf6 Kh3 49. Rh6 Kg4 50.
Rh8 Kg5 51. Nxe4+ Kg4 52. Nf6+ Kg5 53. Nxh5 Kg6 54. Rc8 Kxh5 55. a4 Kg6 56.
a5 Kf7 57. a6 Ke6 58. a7 Kd6 59. a8=Q Kd7 60. Rc5 Ke6 61. Qa6+ Ke7 62. Rc7+
Ke8 63. Qc8# { Black checkmated } 1-0

[Event "ICC tourney 2260 (3 2)"]
[Site "Internet Chess Club"]
[Date "2020.12.31"]
[Round "5"]
[White "kurohaze"]
[Black "funpawn"]
[Result "0-1"]
[ICCResult "White forfeits on time"]
[WhiteElo "1168"]
[BlackElo "1765"]
[Opening "Queen's pawn: Yusupov-Rubinstein system"]
[ECO "A46"]
[NIC "QP.06"]
[Time "12:59:55"]
[PlyCount "82"]
[TimeControl "180+2"]

1. d4 Nf6 2. Nf3 e6 3. e3 c5 4. c4 Nc6 5. a3 d5 6. dxc5 Bxc5 7. cxd5 Nxd5
8. b4 Bb6 9. Bb2 O-O 10. Be2 Qe7 11. O-O Rd8 12. Qc2 Bd7 13. Nc3 Rac8 14.
Nxd5 exd5 15. Qd2 Be6 16. b5 Na5 17. Bd1 Nc4 18. Qe2 Nxb2 19. Qxb2 Bf5 20.
Nd4 Bd3 21. Re1 Ba5 22. Be2 Bxe1 23. Rxe1 Bxe2 24. Rxe2 Qf6 25. g3 Rc4 26.
Rd2 Rdc8 27. Qa2 Qe5 28. Kg2 Qe4+ 29. Nf3 Rc2 30. Qxd5 Qxd5 31. Rxd5 g6 32.
Ne5 Ra2 33. Rd7 Rf8 34. Rxb7 Rxa3 35. Nc4 Ra4 36. Nb2 Rb4 37. Nd3 Ra4 38.
Nc5 Ra2 39. Na6 Rb2 40. Nc7 Rc8 41. Rxa7 Rb8 { White forfeits on time } 0-1

[Event "ICC tourney 2260 (3 2)"]
[Site "Internet Chess Club"]
[Date "2020.12.31"]
[Round "5"]
[White "crazyhorse9"]
[Black "karuto2006"]
[Result "0-1"]
[ICCResult "White forfeits on time"]
[WhiteElo "1462"]
[BlackElo "1699"]
[Opening "Giuoco Piano: Anderssen variation"]
[ECO "C54"]
[NIC "IG.02"]
[Time "13:00:30"]
[PlyCount "64"]
[TimeControl "180+2"]

1. e4 e5 2. Nf3 Nc6 3. Bc4 Bc5 4. c3 Nf6 5. d4 exd4 6. e5 d5 7. Bb5 Ne4 8.
cxd4 Bb4+ 9. Bd2 Nxd2 10. Bxc6+ bxc6 11. Nbxd2 Ba6 12. a3 Be7 13. Ng1 Bh4
14. Ne2 h5 15. O-O Bg5 16. f4 Be7 17. f5 Bg5 18. Nf3 Be3+ 19. Kh1 h4 20.
Qc2 Qd7 21. e6 fxe6 22. fxe6 Qxe6 23. Rfe1 h3 24. Nf4 Qf6 25. Rxe3+ Kd7 26.
Nxh3 Rh5 27. Ne5+ Rxe5 28. dxe5 Qh6 29. e6+ Kd6 30. Rae1 d4 31. Re4 c5 32.
e7 d3 { White forfeits on time } 0-1

[Event "ICC tourney 2260 (3 2)"]
[Site "Internet Chess Club"]
[Date "2020.12.31"]
[Round "5"]
[White "VeronicaG"]
[Black "Chessnutt2014"]
[Result "0-1"]
[ICCResult "White resigns"]
[WhiteElo "1828"]
[BlackElo "1941"]
[Opening "Queen's pawn: London system"]
[ECO "A45"]
[NIC "QP.07"]
[Time "12:59:46"]
[PlyCount "108"]
[TimeControl "180+2"]

1. d4 Nf6 2. Bf4 g6 3. Nc3 d5 4. e3 Bg7 5. h4 h5 6. Nf3 Bg4 7. Be2 Nbd7 8.
Nb5 O-O 9. Bxc7 Qc8 10. Bf4 Qc6 11. Nc3 Rac8 12. Ne5 Nxe5 13. Bxe5 Bxe2 14.
Qxe2 Qb6 15. Bxf6 Qxb2 16. O-O Rxc3 17. Bxg7 Rxc2 18. Qf3 Kxg7 19. Qxd5
Rxf2 20. Rab1 Rxf1+ 21. Rxf1 Qd2 22. Qe5+ Kg8 23. Qxe7 Qxa2 24. Qxb7 Qa3
25. Qf3 Qe7 26. e4 Qxh4 27. d5 Qe7 28. Re1 Rd8 29. Qd3 a5 30. e5 Qc5+ 31.
Kh1 Qxd5 32. Qxd5 Rxd5 33. e6 fxe6 34. Rxe6 Kf7 35. Ra6 Rd1+ 36. Kh2 Ra1
37. Kg3 a4 38. Kh4 a3 39. Kg5 a2 40. Ra7+ Ke6 41. Kxg6 Ke5 42. Ra5+ Kf4 43.
Rf5+ Kg3 44. Rg5+ Kf2 45. Rf5+ Kxg2 46. Rg5+ Kf3 47. Rf5+ Ke4 48. Ra5 Rg1+
49. Kxh5 a1=Q 50. Rxa1 Rxa1 51. Kg6 Rf1 52. Kh6 Kf5 53. Kh7 Rg1 54. Kh8 Kf6
{ White resigns } 0-1

[Event "ICC tourney 2260 (3 2)"]
[Site "Internet Chess Club"]
[Date "2020.12.31"]
[Round "5"]
[White "DualMoneytime"]
[Black "Zapateado"]
[Result "0-1"]
[ICCResult "White checkmated"]
[WhiteElo "1960"]
[BlackElo "1908"]
[Opening "Sicilian: closed"]
[ECO "B23"]
[NIC "SI.44"]
[Time "12:59:59"]
[PlyCount "92"]
[TimeControl "180+2"]

1. e4 c5 2. Nc3 g6 3. f4 Bg7 4. Nf3 Nc6 5. Bb5 Nd4 6. O-O a6 7. Bc4 b5 8.
Bd5 Rb8 9. d3 e6 10. Bb3 Ne7 11. Nxd4 cxd4 12. Ne2 O-O 13. e5 d6 14. exd6
Qxd6 15. Ng3 Bb7 16. Ne4 Qc6 17. Qe2 a5 18. a3 a4 19. Ba2 Rbc8 20. Rf2 Nf5
21. Ng5 Rfe8 22. Nf3 Ne3 23. Bxe3 dxe3 24. Qxe3 Bxb2 25. Rb1 Bxa3 26. Ne5
Qc5 27. d4 Qc3 28. Qxc3 Rxc3 29. Rxb5 Be4 30. Ra5 Bxc2 31. g4 Rb8 32. f5
gxf5 33. gxf5 Bxf5 34. Rg2+ Bg6 35. Nxg6 hxg6 36. Rxa4 Bc1 37. h4 Bf4 38.
Kf1 Rc1+ 39. Ke2 Rb2+ 40. Kf3 Rf1+ 41. Ke4 Rxg2 42. d5 exd5+ 43. Bxd5 Bd6
44. Ra8+ Kg7 45. Ra7 Rg3 46. h5 Rf4# { White checkmated } 0-1

[Event "ICC tourney 2260 (3 2)"]
[Site "Internet Chess Club"]
[Date "2020.12.31"]
[Round "5"]
[White "ritterfork"]
[Black "ThirstyMonster"]
[Result "1-0"]
[ICCResult "Black checkmated"]
[WhiteElo "1846"]
[BlackElo "1283"]
[Opening "Sicilian: Andreaschek gambit"]
[ECO "B21"]
[NIC "SI.48"]
[Time "12:59:58"]
[PlyCount "107"]
[TimeControl "180+2"]

1. e4 c5 2. d4 cxd4 3. c3 e5 4. Nf3 Nc6 5. Bc4 h6 6. O-O Nf6 7. cxd4 exd4
8. Nxd4 d6 9. Re1 Be7 10. Nxc6 bxc6 11. e5 dxe5 12. Qxd8+ Kxd8 13. Rxe5 Rf8
14. Bd2 Bd6 15. Ba5+ Bc7 16. Bxc7+ Kxc7 17. Nc3 Rb8 18. b3 Bd7 19. Re7 Rbe8
20. Rae1 Kd8 21. Rxe8+ Rxe8 22. Rxe8+ Kxe8 23. f3 Ke7 24. Kf2 Be6 25. Bxe6
Kxe6 26. Ke3 Nd5+ 27. Nxd5 Kxd5 28. Kd3 a5 29. a3 g6 30. h4 f5 31. g3 Kc5
32. g4 fxg4 33. fxg4 Kd5 34. a4 Kc5 35. Kc3 g5 36. hxg5 hxg5 37. b4+ axb4+
38. Kb3 Kb6 39. Kxb4 Ka6 40. a5 c5+ 41. Kxc5 Kxa5 42. Kd5 Kb5 43. Ke5 Kc6
44. Kf5 Kd7 45. Kxg5 Ke7 46. Kh6 Kf7 47. g5 Kg8 48. Kg6 Kh8 49. Kf7 Kh7 50.
g6+ Kh6 51. g7 Kh7 52. g8=Q+ Kh6 53. Qg4 Kh7 54. Qh4# { Black checkmated }
1-0

[Event "ICC tourney 2260 (3 2)"]
[Site "Internet Chess Club"]
[Date "2020.12.31"]
[Round "5"]
[White "SuperBlueSky"]
[Black "dashrndrx1"]
[Result "1/2-1/2"]
[ICCResult "Game drawn because neither player has mating material"]
[WhiteElo "1597"]
[BlackElo "1803"]
[Opening "Dutch with c4 & Nc3"]
[ECO "A85"]
[NIC "HD.05"]
[Time "12:59:49"]
[PlyCount "103"]
[TimeControl "180+2"]

1. d4 f5 2. c4 Nf6 3. Nc3 g6 4. Bg5 Bg7 5. Bxf6 Bxf6 6. e4 fxe4 7. Nxe4 O-O
8. Nxf6+ exf6 9. Nf3 Qe7+ 10. Be2 Qb4+ 11. Qd2 Qe7 12. O-O d6 13. Rfe1 Qg7
14. c5 dxc5 15. dxc5 Bg4 16. Qd5+ Kh8 17. Qxb7 Nd7 18. Qxc7 Rfc8 19. Qg3
Bf5 20. b4 a5 21. a3 axb4 22. axb4 Rab8 23. Ra7 Rxb4 24. Qd6 Qf8 25. Qxf8+
Nxf8 26. Rc1 Rb1 27. Rxb1 Bxb1 28. Ra1 Be4 29. Rc1 Ne6 30. c6 Rxc6 31. Rxc6
Bxc6 32. g3 Kg7 33. Kg2 Bxf3+ 34. Bxf3 f5 35. Bd5 Nc5 36. f4 Kf6 37. Kf2 g5
38. Ke3 gxf4+ 39. Kxf4 Nd3+ 40. Ke3 Ne5 41. Bg8 h6 42. h3 Kg5 43. Bd5 h5
44. Bf3 Ng6 45. h4+ Nxh4 46. gxh4+ Kxh4 47. Kf2 f4 48. Kg2 Kg5 49. Kh3 h4
50. Bg4 f3 51. Bxf3 Kf4 52. Kxh4 { Game drawn because neither player has
mating material } 1/2-1/2

[Event "ICC tourney 2260 (3 2)"]
[Site "Internet Chess Club"]
[Date "2020.12.31"]
[Round "5"]
[White "TacoCat"]
[Black "Kinawa"]
[Result "1-0"]
[ICCResult "Black checkmated"]
[WhiteElo "1882"]
[BlackElo "1535"]
[Opening "Budapest: Adler variation"]
[ECO "A52"]
[NIC "QG.01"]
[Time "12:59:48"]
[PlyCount "127"]
[TimeControl "180+2"]

1. d4 Nf6 2. c4 e5 3. dxe5 Ng4 4. Nf3 Bc5 5. e3 Nc6 6. Nc3 Ngxe5 7. Be2 O-O
8. O-O a5 9. b3 Ra6 10. Bb2 Re8 11. Na4 Bf8 12. Nd4 g6 13. Nxc6 Rxc6 14.
Qc2 Bg7 15. Rad1 Rce6 16. Nc5 R6e7 17. Kh1 d6 18. Qc3 f5 19. Qc2 Rf7 20.
Bc3 b6 21. Na4 Bb7 22. f3 Kh8 23. Rfe1 Qh4 24. Rf1 Rfe7 25. Be1 Qf6 26. Bc3
Qf7 27. e4 f4 28. Bd2 g5 29. Nc3 Qh5 30. Nd5 Bxd5 31. exd5 Rf7 32. Bc3 Rf6
33. Bd3 Rh6 34. h3 g4 35. fxg4 Nxg4 36. Bxg7+ Kxg7 37. Qc3+ Kg8 38. Rde1
Ne3 39. Rxf4 Qe5 40. Qxe5 Rxe5 41. Rf3 Nxg2 42. Rxe5 dxe5 43. Kxg2 Rh4 44.
Rg3+ Kf7 45. Rg4 Rh6 46. Re4 Rh5 47. Kf3 Rf5+ 48. Kg4 Kf6 49. Re3 Rg5+ 50.
Kf3 h6 51. Kf2 h5 52. Rf3+ Ke7 53. Rf5 Rxf5+ 54. Bxf5 Kf6 55. Be6 Kg5 56.
Ke3 Kh4 57. Ke4 Kg5 58. Kxe5 Kh4 59. d6 Kg3 60. dxc7 h4 61. c8=Q Kh2 62.
Qg8 b5 63. Bd5 bxc4 64. Qg2# { Black checkmated } 1-0

[Event "ICC tourney 2260 (3 2)"]
[Site "Internet Chess Club"]
[Date "2020.12.31"]
[Round "5"]
[White "hartej"]
[Black "Heliosis"]
[Result "0-1"]
[ICCResult "White forfeits on time"]
[WhiteElo "1516"]
[BlackElo "1880"]
[Opening "Two knights defense"]
[ECO "C58"]
[NIC "KP.01"]
[Time "12:59:45"]
[PlyCount "102"]
[TimeControl "180+2"]

1. e4 e5 2. Nf3 Nc6 3. Bc4 Nf6 4. Ng5 d5 5. exd5 Na5 6. Bb5+ Bd7 7. Bxd7+
Qxd7 8. Qe2 Qxd5 9. Nf3 Nc6 10. Nc3 Qe6 11. Nb5 O-O-O 12. d3 Bc5 13. Nc3
Rhe8 14. h3 Kb8 15. Bd2 h6 16. O-O-O Nd4 17. Nxd4 Bxd4 18. Kb1 Nd5 19. Qe1
Nxc3+ 20. Bxc3 Qb6 21. Bxd4 exd4 22. Qd2 Re5 23. Rde1 Rb5 24. Qc1 a5 25.
Re2 a4 26. Rhe1 a3 27. b3 Qa5 28. Re7 Rf5 29. f3 Qc5 30. Re8 Rd5 31. Rxd8+
Rxd8 32. Re4 b5 33. Qg1 Qc3 34. Qc1 b4 35. Re1 Kb7 36. Re2 Rd6 37. Re1 Rg6
38. Re2 Rg5 39. g4 h5 40. h4 Rc5 41. g5 f6 42. f4 fxg5 43. fxg5 Rf5 44. Re1
Rf2 45. Rh1 Rd2 46. Rg1 Rh2 47. g6 Rxh4 48. Rf1 Rg4 49. Rh1 h4 50. Re1 h3
51. Rh1 h2 { White forfeits on time } 0-1

[Event "ICC tourney 2260 (3 2)"]
[Site "Internet Chess Club"]
[Date "2020.12.31"]
[Round "5"]
[White "Purushottam123"]
[Black "Udonramen"]
[Result "0-1"]
[ICCResult "White resigns"]
[WhiteElo "1663"]
[BlackElo "1947"]
[Opening "Sicilian: dragon, Yugoslav attack, Rauser variation"]
[ECO "B76"]
[NIC "SI.17"]
[Time "13:00:04"]
[PlyCount "104"]
[TimeControl "180+2"]

1. e4 c5 2. Nf3 d6 3. d4 cxd4 4. Nxd4 Nf6 5. Nc3 g6 6. Be3 Bg7 7. f3 O-O 8.
Qd2 Nc6 9. O-O-O d5 10. Nxc6 bxc6 11. exd5 Nxd5 12. Nxd5 cxd5 13. Qxd5 Qc7
14. Qxa8 Bf5 15. Qxf8+ Bxf8 16. Bd3 Be6 17. Kb1 Bg7 18. Rhe1 Qb7 19. Bc1 a5
20. Be4 Qb6 21. Re3 h5 22. Bd5 Bxd5 23. Rxd5 e6 24. Rd7 a4 25. a3 Bh6 26.
Red3 Bxc1 27. Kxc1 Qg1+ 28. Rd1 Qxg2 29. Rd8+ Kg7 30. R8d4 Qxh2 31. Rxa4 h4
32. Rad4 h3 33. R4d2 Qg3 34. Rh1 Qxf3 35. Rdh2 g5 36. Rxh3 Qf4+ 37. Kb1 g4
38. Rh7+ Kf6 39. R7h6+ Ke7 40. R6h4 Qf3 41. Rg1 f5 42. a4 g3 43. Rh3 f4 44.
a5 Qf2 45. Rh7+ Kf6 46. Rd1 g2 47. Rh2 g1=Q 48. Rxf2 Qxf2 49. a6 Qa7 50.
Rd6 f3 51. b4 f2 52. Rd1 Qxa6 { White resigns } 0-1

[Event "ICC tourney 2260 (3 2)"]
[Site "Internet Chess Club"]
[Date "2020.12.31"]
[Round "5"]
[White "ved2006"]
[Black "alexsaidfeghhi"]
[Result "0-1"]
[ICCResult "White resigns"]
[WhiteElo "1719"]
[BlackElo "1902"]
[Opening "Queen's Indian: 4.e3"]
[ECO "E14"]
[NIC "QI.03"]
[Time "12:59:46"]
[PlyCount "132"]
[TimeControl "180+2"]

1. d4 Nf6 2. Nf3 e6 3. e3 b6 4. c4 d5 5. Nc3 Bb7 6. b3 Be7 7. Bb2 O-O 8.
Bd3 Ne4 9. Bxe4 dxe4 10. Nd2 f5 11. Qe2 Nd7 12. f3 exf3 13. Nxf3 Bh4+ 14.
g3 Bf6 15. O-O-O Qe7 16. d5 e5 17. Nb5 e4 18. Nh4 Ne5 19. Nxf5 Qd7 20. Bxe5
Bxe5 21. Nfd4 Qe7 22. Qg2 a6 23. Nc3 Rf3 24. Nxf3 exf3 25. Qc2 Rf8 26. Rhf1
Qa3+ 27. Kb1 Qc5 28. Qd2 Bc8 29. Ne4 Qe7 30. Nc3 Bh3 31. Rf2 Qf6 32. Kb2 a5
33. Rc1 a4 34. bxa4 Qd6 35. Qc2 Qb4+ 36. Qb3 Qa5 37. Ka3 Bd6+ 38. Kb2 Be5
39. Kc2 Bf5+ 40. Kb2 Bg6 41. e4 Bxe4 42. Re1 Bxc3+ 43. Qxc3 Bg6 44. Qxa5
bxa5 45. Re3 Bh5 46. Kc3 g5 47. h3 g4 48. hxg4 Bxg4 49. Kd4 h5 50. Kc5 Rf7
51. Re8+ Kg7 52. Ra8 Re7 53. d6 cxd6+ 54. Kxd6 Re2 55. Ra7+ Kf6 56. Rxf3+
Bxf3 57. Ra8 Rd2+ 58. Kc5 Bxa8 59. Kb5 Rxa2 60. Kxa5 Ra3 61. Kb5 Rxg3 62.
c5 h4 63. Kb6 h3 64. c6 Bxc6 65. Kxc6 h2 66. a5 h1=Q+ { White resigns } 0-1

[Event "ICC tourney 2260 (3 2)"]
[Site "Internet Chess Club"]
[Date "2020.12.31"]
[Round "5"]
[White "ZAPPAWITS"]
[Black "stephenwilly"]
[Result "0-1"]
[ICCResult "White resigns"]
[WhiteElo "1713"]
[BlackElo "1496"]
[Opening "Réti opening"]
[ECO "A04"]
[NIC "QP.10"]
[Time "12:59:57"]
[PlyCount "150"]
[TimeControl "180+2"]

1. Nf3 c5 2. c3 d5 3. d4 Nf6 4. Bf4 Bf5 5. e3 e6 6. Bd3 Bxd3 7. Qxd3 c4 8.
Qc2 Nc6 9. Nbd2 Bd6 10. Bg3 h5 11. b3 b5 12. bxc4 bxc4 13. e4 Bc7 14. Bxc7
Qxc7 15. e5 Nd7 16. O-O h4 17. h3 Ne7 18. Rfb1 Ng6 19. Rb4 a5 20. Rb5 Nb6
21. Rab1 Rb8 22. Nf1 Rh6 23. Ne3 Nf4 24. Ng4 Rh8 25. Rxa5 Nd7 26. Rab5 Ke7
27. Qb2 Rxb5 28. Qxb5 Rb8 29. Qa6 Rxb1+ 30. Kh2 f6 31. Qa8 Rb8 32. Qa3+ Kf7
33. Qc1 Nd3 34. Qe3 Rb2 35. Nxh4 fxe5 36. Nxe5+ N3xe5 37. Qf4+ Kg8 38. dxe5
Qxe5 39. Qxe5 Nxe5 40. f4 Nd3 41. a4 Ra2 42. f5 e5 43. Ng6 e4 44. Ne7+ Kf7
45. Nxd5 Rxa4 46. g4 Ra5 47. Ne3 Ra2+ 48. Kg3 Re2 49. Nxc4 e3 50. Kf3 Re1
51. Nd6+ Kf6 52. h4 Ne5+ 53. Kf4 Nxg4 54. Kxg4 e2 55. Kf3 Ke5 56. Nc4+ Kxf5
57. Ne3+ Ke5 58. Kf2 Rh1 59. Kxe2 Rxh4 60. c4 Re4 61. Kd2 Kd4 62. Nc2+ Kxc4
63. Ne1 g5 64. Nf3 g4 65. Ng5 g3 66. Nxe4 g2 67. Nd6+ Kd5 68. Nf5 g1=Q 69.
Ne3+ Ke4 70. Nc4 Qd4+ 71. Ke2 Qxc4+ 72. Kf2 Qc2+ 73. Kg3 Qe2 74. Kh4 Qg2
75. Kh5 Kf5 { White resigns } 0-1

[Event "ICC tourney 2260 (3 2)"]
[Site "Internet Chess Club"]
[Date "2020.12.31"]
[Round "5"]
[White "garfield92037"]
[Black "xyzchessdude"]
[Result "0-1"]
[ICCResult "White forfeits on time"]
[WhiteElo "1843"]
[BlackElo "1992"]
[Opening "Sicilian: Nimzovich-Rossolimo attack (with ...g6, without ...d6)"]
[ECO "B31"]
[NIC "SI.31"]
[Time "13:00:12"]
[PlyCount "104"]
[TimeControl "180+2"]

1. e4 c5 2. Nf3 Nc6 3. Bb5 g6 4. O-O Bg7 5. c3 Nf6 6. Re1 O-O 7. d4 cxd4 8.
cxd4 d5 9. e5 Ne4 10. Nc3 Nxc3 11. bxc3 Bg4 12. h3 Bxf3 13. Qxf3 e6 14. Bd3
Na5 15. Rb1 Rc8 16. Bd2 b6 17. Qe2 Nc4 18. a4 Qd7 19. Rb5 Na3 20. Rb4 Qe7
21. Ra1 a5 22. Rxb6 Nc4 23. Rab1 Nxb6 24. Rxb6 Rb8 25. Rb5 Rxb5 26. Bxb5
Rc8 27. Qd3 Qa3 28. Bd7 Rb8 29. Bb5 Bf8 30. Qc2 Be7 31. Bc1 Qa1 32. Kh2 Rc8
33. Qb2 Qxb2 34. Bxb2 Bg5 35. Ba3 Rxc3 36. Bc5 Rc2 37. Kg3 Bd2 38. f3 Be1+
39. Kh2 Bf2 40. Bb6 Be1 41. Bc5 Bc3 42. f4 Rd2 43. Bb6 Kg7 44. Kg3 h6 45.
Kf3 Bxd4 46. Bxa5 Ra2 47. Be1 g5 48. g3 gxf4 49. gxf4 Bc5 50. Bh4 Ra3+ 51.
Kg2 Kg6 52. Be8 d4 { White forfeits on time } 0-1

[Event "ICC tourney 2260 (3 2)"]
[Site "Internet Chess Club"]
[Date "2020.12.31"]
[Round "5"]
[White "BillyC"]
[Black "garynanoman"]
[Result "0-1"]
[ICCResult "White resigns"]
[WhiteElo "1948"]
[BlackElo "1850"]
[Opening "Petrov's defense"]
[ECO "C42"]
[NIC "RG.03"]
[Time "13:00:16"]
[PlyCount "54"]
[TimeControl "180+2"]

1. e4 e5 2. Nf3 Nf6 3. Nxe5 Nc6 4. Nxc6 dxc6 5. Nc3 Bc5 6. Bc4 Ng4 7. Rf1
Qd4 8. Qe2 O-O 9. h3 Ne5 10. d3 Nxc4 11. dxc4 Be6 12. Be3 Qd6 13. Bxc5 Qxc5
14. Rh1 Bxc4 15. Qg4 Rad8 16. Qg3 f5 17. Rd1 Rxd1+ 18. Kxd1 fxe4 19. Kc1
Qxf2 20. Qxc7 Qxg2 21. Re1 Qg5+ 22. Kb1 e3 23. b3 Bd5 24. Qxb7 Qg3 25. Re2
Bf3 26. Qxa7 Bxe2 27. Nxe2 Qe1+ { White resigns } 0-1